NULL
Full Scoreboard »»

Coyotes vs Stars

Created - April 28, 2024 at 23:52

Goals
1 2 3 T
Coyotes 1 1 1 3
Stars 0 0 1 1
Shots
1 2 3 T
Coyotes 17 6 16 39
Stars 13 8 9 30

GoalsPenalties
1st period
1. Coyotes , Evgeny Kuznetsov 25 (Matt Duchene 32) at 18:50
Connor Brown (DAL) for Tripping (Minor) at 3:18
David Krejci (DAL) for Hooking (Minor) at 18:53
2nd period
2. Coyotes , Matt Duchene 22 (Tyler Toffoli 20, Darnell Nurse 20) at 0:44 (PP)
No Penalty
3rd period
3. Stars , Miro Heiskanen 15 (Andy Greene 23) at 5:19
4. Coyotes , Alexander Barabanov 31 (Tomas Tatar 28, Jason Zucker 28) at 9:23
Owen Tippett (DAL) for Fighting (Major) at 11:46
Evgeny Kuznetsov (ARI) for Fighting (Major) at 11:46
Goalie Stats
Vitek Vanecek (ARI), 29 saves from 30 shots - (0.967), W, 30-18-5, 60:00 minutes
Cam Talbot (DAL), 36 saves from 39 shots - (0.923), L, 23-27-7, 60:00 minutes
3 StarsOfficial
1 - Matt Duchene (ARI)
2 - Vitek Vanecek (ARI)
3 - Alexander Barabanov (ARI)
Referees : Unknown
Linesman : Unknown
Game Note
Evgeny Kuznetsov beats up Owen Tippett at 11:46 of 3rd period



Team Name Goals Shots Shots Attemp Shots Blocked PIM HIT PP PK FO%
Coyotes 3397565241 / 2 (50%)048%
Stars 13047149260 / 0 (0.00%152%

Coyotes
Player Name POS G A P +/- PIM HIT SHT SB MP PP MP PP SHT PK MP PK SHT FO% FOT GA TA
Alexander BarabanovRW1011016018:021:5200:0000% 310
Colin WhiteC0000001014:550:0000:00062% 1310
Darnell NurseD0111042123:401:5400:0000% 011
Dylan DeMeloD0000011319:161:5600:0000% 001
Evgeny KuznetsovC/LW/RW1011502016:061:5800:0000% 000
Ivan ProvorovD0001025123:401:5400:0000% 011
Jason ZuckerLW/RW0111031017:411:5210:00050% 200
Marco ScandellaD0000010016:470:0000:0000% 010
Mathieu PerreaultC/LW000-100009:130:0000:0000% 001
Matt DucheneC/LW/RW1121024017:441:5810:00053% 1500
Olli MaattaD0000010116:520:0000:0000% 001
Patric HornqvistLW/RW000-100109:470:0000:0000% 000
Robby FabbriC/LW/RW0000022016:020:0000:00033% 311
Scott LaughtonC/LW0000010014:550:0000:0000% 010
Steven LorentzC000-1011010:380:0000:00060% 510
T.J. BrodieD0000012019:151:5600:0000% 011
Tomas TatarC/LW/RW0111037017:411:5210:00040% 2010
Tyler ToffoliLW/RW0111014017:451:5800:00050% 212
Stars
Player Name POS G A P +/- PIM HIT SHT SB MP PP MP PP SHT PK MP PK SHT FO% FOT GA TA
Alex KillornC/LW/RW000-2021117:010:0001:0500% 010
Andy GreeneD011-1012320:290:0001:3900% 003
Brian DumoulinD0000000021:030:0001:2400% 001
Colby BarlowLW000-2000216:190:0000:2300% 000
Connor BrownLW/RW0000205017:020:0000:5910% 020
Connor McMichaelC/LW/RW000102109:490:0000:5200% 010
David KrejciC/RW0000244116:350:0000:09050% 1610
Derek GrantC/LW/RW000102009:570:0001:46025% 400
Henri JokiharjuD0000000118:230:0000:1500% 011
Jack JohnsonD000-1010120:340:0002:1100% 001
Joe ThorntonC/LW/RW000101108:110:0000:000100% 100
Joel Eriksson EkC/LW/RW000-2013215:100:0000:00055% 2010
Justin BraunD0000021119:520:0002:1100% 001
Luke KuninC/LW/RW0000020017:050:0001:1100% 001
Marcus FolignoC/LW/RW0000041017:350:0001:15050% 2000
Miro HeiskanenD1010016019:390:0000:0000% 001
Oliver BjorkstrandLW/RW0000025216:270:0000:000100% 102
Owen TippettLW/RW0000510014:560:0000:000100% 120

Coyotes

5 vs 5 Forward
Line #Left WingCenterRight WingPHYDFOFWanted %Time %Time Play
1Tyler ToffoliMatt DucheneEvgeny Kuznetsov2123029%16:13
2Jason ZuckerTomas TatarAlexander Barabanov2123028%15:49
3Scott LaughtonColin WhiteRobby Fabbri2123027%14:55
4Mathieu PerreaultSteven LorentzPatric Hornqvist2121016%9:13
5 vs 5 Defense
Line #DefenseDefensePHYDFOFWanted %Time %Time Play
1Darnell NurseIvan Provorov2213030%16:42
2T.J. BrodieDylan DeMelo2213031%17:32
3Olli MaattaMarco Scandella2213030%16:52
4Darnell NurseIvan Provorov221109%5:04
Power Play Forward
Line #Left WingCenterRight WingPHYDFOFWanted %Time %Time Play
1Tyler ToffoliMatt DucheneEvgeny Kuznetsov2125051%1:58
2Jason ZuckerTomas TatarAlexander Barabanov2125049%1:52
Power Play Defense
Line #DefenseDefensePHYDFOFWanted %Time %Time Play
1Darnell NurseIvan Provorov2215050%1:54
2T.J. BrodieDylan DeMelo2215050%1:56
Penalty Kill 4 Players Forward
Line #CenterWingPHYDFOFWanted %Time %Time Play
1Mathieu PerreaultScott Laughton113500%0:00
2Steven LorentzRobby Fabbri113500%0:00
Penalty Kill 4 Players Defense
Line #DefenseDefensePHYDFOFWanted %Time %Time Play
1Marco ScandellaOlli Maatta131500%0:00
2T.J. BrodieDylan DeMelo131500%0:00
Penalty Kill 3 Players
Line #WingPHYDFOFWanted %Time %Time PlayDefenseDefensePHYDFOFWanted %Time %Time Play
1Mathieu Perreault113500%0:00 Marco ScandellaOlli Maatta131500%0:00
2Steven Lorentz113500%0:00 T.J. BrodieDylan DeMelo131500%0:00
4 vs 4 Forward
Line #CenterWingPHYDFOFWanted %Time %Time Play
1Matt DucheneTyler Toffoli113500%0:00
2Evgeny KuznetsovAlexander Barabanov113500%0:00
4 vs 4 Defense
Line #DefensePHYDFOFWanted %Time %Time Play
1Darnell NurseIvan Provorov131500%0:00
2T.J. BrodieDylan DeMelo131500%0:00
Last Minutes Offensive
Left WingCenterRight WingDefenseDefense
Tyler ToffoliMatt DucheneAlexander BarabanovDarnell NurseIvan Provorov
Last Minutes Defensive
Left WingCenterRight WingDefenseDefense
Tyler ToffoliMatt DucheneEvgeny KuznetsovT.J. BrodieDylan DeMelo
Time
Total ForwardTotal DefenseLast Minutes OffensiveLast Minutes Defensive
60:00 60:00 0:000:00
Extra Forwards
Normal PowerPlayPenalty Kill
Robby Fabbri, Steven Lorentz, Patric HornqvistRobby Fabbri, Scott LaughtonPatric Hornqvist
Extra Defensemen
Normal PowerPlayPenalty Kill
Olli Maatta, Marco Scandella, Dylan DeMeloOlli Maatta, Dylan DeMeloMarco Scandella
Penalty Shots
Matt Duchene, Evgeny Kuznetsov, Tomas Tatar, Tyler Toffoli, Scott Laughton
Goalie
Vitek Vanecek, Kaapo Kahkonen
Custom OT Lines Forwards
Tyler Toffoli, Matt Duchene, Evgeny Kuznetsov, Alexander Barabanov, Tomas Tatar, Jason Zucker, Scott Laughton, Mathieu Perreault, Patric Hornqvist, Colin White
Custom OT Lines Defensemen
Darnell Nurse, Ivan Provorov, T.J. Brodie, Dylan DeMelo, Olli Maatta
Scratches
Brendan Smith (Healthy), Devin Shore (Healthy), Haydn Fleury (Healthy)

Stars

5 vs 5 Forward
Line #Left WingCenterRight WingPHYDFOFWanted %Time %Time Play
1Colby BarlowJoel Eriksson EkAlex Killorn1223028%15:37
2Oliver BjorkstrandDavid KrejciOwen Tippett1223030%17:04
3Connor BrownMarcus FolignoLuke Kunin1223027%15:18
4Derek GrantJoe ThorntonConnor McMichael1221015%8:11
5 vs 5 Defense
Line #DefenseDefensePHYDFOFWanted %Time %Time Play
1Miro HeiskanenBrian Dumoulin1223535%19:39
2Andy GreeneJack Johnson1223534%18:50
3Henri JokiharjuJustin Braun1223031%17:41
4Miro HeiskanenBrian Dumoulin12200%0:00
Power Play Forward
Line #Left WingCenterRight WingPHYDFOFWanted %Time %Time Play
1Oliver BjorkstrandJoel Eriksson EkAlex Killorn122500%0:00
2Colby BarlowJoe ThorntonDavid Krejci122500%0:00
Power Play Defense
Line #DefenseDefensePHYDFOFWanted %Time %Time Play
1Miro HeiskanenAndy Greene122500%0:00
2Brian DumoulinHenri Jokiharju122500%0:00
Penalty Kill 4 Players Forward
Line #CenterWingPHYDFOFWanted %Time %Time Play
1Marcus FolignoConnor Brown1225054%2:04
2Derek GrantLuke Kunin1225046%1:46
Penalty Kill 4 Players Defense
Line #DefenseDefensePHYDFOFWanted %Time %Time Play
1Justin BraunJack Johnson1225057%2:11
2Andy GreeneBrian Dumoulin1225043%1:39
Penalty Kill 3 Players
Line #WingPHYDFOFWanted %Time %Time PlayDefenseDefensePHYDFOFWanted %Time %Time Play
1Joel Eriksson Ek122500%0:00 Miro HeiskanenBrian Dumoulin122500%0:00
2Oliver Bjorkstrand122500%0:00 Andy GreeneJack Johnson122500%0:00
4 vs 4 Forward
Line #CenterWingPHYDFOFWanted %Time %Time Play
1Joel Eriksson EkOliver Bjorkstrand122500%0:00
2Alex KillornConnor Brown122500%0:00
4 vs 4 Defense
Line #DefensePHYDFOFWanted %Time %Time Play
1Miro HeiskanenBrian Dumoulin122500%0:00
2Andy GreeneJack Johnson122500%0:00
Last Minutes Offensive
Left WingCenterRight WingDefenseDefense
Oliver BjorkstrandJoel Eriksson EkAlex KillornMiro HeiskanenBrian Dumoulin
Last Minutes Defensive
Left WingCenterRight WingDefenseDefense
Oliver BjorkstrandJoel Eriksson EkAlex KillornMiro HeiskanenBrian Dumoulin
Time
Total ForwardTotal DefenseLast Minutes OffensiveLast Minutes Defensive
60:00 60:00 0:000:00
Extra Forwards
Normal PowerPlayPenalty Kill
Marcus Foligno, Colby Barlow, Luke KuninMarcus Foligno, Colby BarlowLuke Kunin
Extra Defensemen
Normal PowerPlayPenalty Kill
Henri Jokiharju, Justin Braun, Andy GreeneHenri Jokiharju, Justin BraunAndy Greene
Penalty Shots
Joel Eriksson Ek, Oliver Bjorkstrand, Alex Killorn, Connor Brown, Owen Tippett
Goalie
Cam Talbot, Martin Jones
Custom OT Lines Forwards
Joel Eriksson Ek, Oliver Bjorkstrand, Alex Killorn, Connor Brown, Owen Tippett, David Krejci, Marcus Foligno, Colby Barlow, , Joe Thornton
Custom OT Lines Defensemen
Miro Heiskanen, Brian Dumoulin, Andy Greene, Jack Johnson, Henri Jokiharju
Scratches
Andrew Gibson (Healthy), Fabian Lysell (Healthy)


Play-by-Play

1st period


0:01 of 1st period - Joel Eriksson Ek wins face-off versus Matt Duchene in neutral zone.
0:34 of 1st period - Off-side.
0:35 of 1st period - Marcus Foligno wins face-off versus Colin White in neutral zone.
0:38 of 1st period - Colin White is hit by Luke Kunin.
0:46 of 1st period - Slapshot by Connor Brown.
0:46 of 1st period - Stopped by Vitek Vanecek with a rebound.
0:48 of 1st period - Slapshot by Andy Greene.
0:48 of 1st period - Stopped by Vitek Vanecek without a rebound.
0:49 of 1st period - Joe Thornton wins face-off versus Steven Lorentz in Coyotes zone.
1:34 of 1st period - Icing by Oliver Bjorkstrand.
1:35 of 1st period - David Krejci wins face-off versus Colin White in Stars zone.
2:19 of 1st period - Wrist shot by Scott Laughton.
2:19 of 1st period - Shot Misses the Net.
3:18 of 1st period - Minor Penalty to Connor Brown for Tripping.
3:19 of 1st period - Matt Duchene wins face-off versus Derek Grant in Stars zone.
3:45 of 1st period - Justin Braun is hit by Darnell Nurse and loses puck.
3:54 of 1st period - Justin Braun is hit by Alexander Barabanov and loses puck.
5:18 of 1st period - Penalty to Connor Brown is over, Connor Brown is back on ice.
5:44 of 1st period - Off-side.
5:45 of 1st period - David Krejci wins face-off versus Tomas Tatar in neutral zone.
6:09 of 1st period - Marcus Foligno is hit by Steven Lorentz and loses puck.
6:26 of 1st period - T.J. Brodie is hit by Oliver Bjorkstrand and loses puck.
7:38 of 1st period - Wrist shot by Matt Duchene.
7:38 of 1st period - Shot Misses the Net.
7:52 of 1st period - Wrist shot by Connor Brown.
7:52 of 1st period - Stopped by Vitek Vanecek without a rebound.
7:53 of 1st period - Colin White wins face-off versus Marcus Foligno in Coyotes zone.
7:58 of 1st period - Connor Brown is hit by Robby Fabbri and loses puck.
8:05 of 1st period - Wrist shot by Connor Brown.
8:05 of 1st period - Stopped by Vitek Vanecek with a rebound.
8:37 of 1st period - Wrist shot by Tomas Tatar.
8:37 of 1st period - Stopped by Cam Talbot without a rebound.
8:38 of 1st period - David Krejci wins face-off versus Jason Zucker in Stars zone.
8:38 of 1st period - David Krejci is hit by Jason Zucker.
9:36 of 1st period - Scott Laughton is hit by Miro Heiskanen and loses puck.
10:07 of 1st period - Tomas Tatar is hit by Oliver Bjorkstrand and loses puck.
10:34 of 1st period - Wrist shot by Evgeny Kuznetsov.
10:34 of 1st period - Shot Misses the Net.
10:56 of 1st period - Wrist shot by David Krejci.
10:56 of 1st period - Stopped by Vitek Vanecek with a rebound.
10:58 of 1st period - Slapshot by Justin Braun.
10:58 of 1st period - Stopped by Vitek Vanecek with a rebound.
11:02 of 1st period - Wrist shot by Oliver Bjorkstrand.
11:02 of 1st period - Stopped by Vitek Vanecek with a rebound.
11:04 of 1st period - Snap shot by Owen Tippett.
11:04 of 1st period - Shot Blocked by Dylan DeMelo.
11:06 of 1st period - Wrist shot by David Krejci.
11:06 of 1st period - Stopped by Vitek Vanecek with a rebound.
11:08 of 1st period - Slapshot by Oliver Bjorkstrand.
11:08 of 1st period - Shot Blocked by Dylan DeMelo.
11:10 of 1st period - Snap shot by Justin Braun.
11:10 of 1st period - Shot Blocked by Dylan DeMelo.
11:12 of 1st period - Snap shot by David Krejci.
11:12 of 1st period - Shot Misses the Net.
11:34 of 1st period - Snap shot by Oliver Bjorkstrand.
11:34 of 1st period - Shot Misses the Net.
11:36 of 1st period - Wrist shot by David Krejci.
11:36 of 1st period - Stopped by Vitek Vanecek with a rebound.
11:38 of 1st period - Snap shot by Oliver Bjorkstrand.
11:38 of 1st period - Stopped by Vitek Vanecek with a rebound.
11:40 of 1st period - Wrist shot by Owen Tippett.
11:40 of 1st period - Shot Misses the Net.
11:42 of 1st period - Wrist shot by Oliver Bjorkstrand.
11:42 of 1st period - Deflect By David Krejci.
11:42 of 1st period - Stopped by Vitek Vanecek without a rebound.
11:43 of 1st period - Joel Eriksson Ek wins face-off versus Tomas Tatar in Coyotes zone.
11:44 of 1st period - Slapshot by Alex Killorn.
11:44 of 1st period - Deflect By Joel Eriksson Ek.
11:44 of 1st period - Shot Blocked by Darnell Nurse.
11:44 of 1st period - Puck is out of play.
11:45 of 1st period - Jason Zucker wins face-off versus Joel Eriksson Ek in Coyotes zone.
11:52 of 1st period - Wrist shot by Tomas Tatar.
11:52 of 1st period - Deflect By Joel Eriksson Ek.
11:52 of 1st period - Stopped by Cam Talbot without a rebound.
11:53 of 1st period - Joel Eriksson Ek wins face-off versus Tomas Tatar in Stars zone.
11:53 of 1st period - Joel Eriksson Ek is hit by Tomas Tatar.
12:03 of 1st period - Wrist shot by Alexander Barabanov.
12:03 of 1st period - Stopped by Cam Talbot with a rebound.
12:05 of 1st period - Slapshot by Tomas Tatar.
12:05 of 1st period - Stopped by Cam Talbot with a rebound.
12:07 of 1st period - Slapshot by Tomas Tatar.
12:07 of 1st period - Stopped by Cam Talbot with a rebound.
12:09 of 1st period - Slapshot by Ivan Provorov.
12:09 of 1st period - Stopped by Cam Talbot with a rebound.
12:11 of 1st period - Slapshot by Darnell Nurse.
12:11 of 1st period - Shot Blocked by Joel Eriksson Ek.
12:13 of 1st period - Snap shot by Tomas Tatar.
12:13 of 1st period - Shot Misses the Net.
12:17 of 1st period - Wrist shot by Tomas Tatar.
12:17 of 1st period - Shot Hit the Post.
12:39 of 1st period - Wrist shot by Alexander Barabanov.
12:39 of 1st period - Stopped by Cam Talbot without a rebound.
12:40 of 1st period - Marcus Foligno wins face-off versus Colin White in Stars zone.
12:49 of 1st period - Snap shot by Connor Brown.
12:49 of 1st period - Shot Blocked by Olli Maatta.
12:51 of 1st period - Slapshot by Connor Brown.
12:51 of 1st period - Shot Misses the Net.
14:07 of 1st period - Snap shot by Alexander Barabanov.
14:07 of 1st period - Stopped by Cam Talbot with a rebound.
14:09 of 1st period - Slapshot by Ivan Provorov.
14:09 of 1st period - Stopped by Cam Talbot with a rebound.
14:11 of 1st period - Snap shot by Mathieu Perreault.
14:11 of 1st period - Shot Misses the Net.
14:13 of 1st period - Snap shot by Olli Maatta.
14:13 of 1st period - Shot Misses the Net.
14:15 of 1st period - Snap shot by Olli Maatta.
14:15 of 1st period - Deflect By Mathieu Perreault.
14:15 of 1st period - Shot Blocked by Andy Greene.
14:15 of 1st period - Puck is out of play.
14:16 of 1st period - Matt Duchene wins face-off versus Marcus Foligno in Stars zone.
14:27 of 1st period - Wrist shot by Evgeny Kuznetsov.
14:27 of 1st period - Stopped by Cam Talbot with a rebound.
15:29 of 1st period - Snap shot by Joe Thornton.
15:29 of 1st period - Stopped by Vitek Vanecek without a rebound.
15:30 of 1st period - Joel Eriksson Ek wins face-off versus Tomas Tatar in Coyotes zone.
15:33 of 1st period - Wrist shot by Alex Killorn.
15:33 of 1st period - Deflect By Jason Zucker.
15:33 of 1st period - Shot Misses the Net.
15:33 of 1st period - Puck is out of play.
15:34 of 1st period - Joel Eriksson Ek wins face-off versus Tomas Tatar in Coyotes zone.
15:50 of 1st period - Snap shot by Ivan Provorov.
15:50 of 1st period - Stopped by Cam Talbot without a rebound.
15:51 of 1st period - Marcus Foligno wins face-off versus Tyler Toffoli in Stars zone.
15:51 of 1st period - Marcus Foligno is hit by Tyler Toffoli.
16:03 of 1st period - Snap shot by Marcus Foligno.
16:03 of 1st period - Stopped by Vitek Vanecek without a rebound.
16:04 of 1st period - Matt Duchene wins face-off versus Joel Eriksson Ek in Coyotes zone.
16:09 of 1st period - Slapshot by Evgeny Kuznetsov.
16:09 of 1st period - Shot Misses the Net.
16:11 of 1st period - Snap shot by Ivan Provorov.
16:11 of 1st period - Stopped by Cam Talbot without a rebound.
16:12 of 1st period - Matt Duchene wins face-off versus Joel Eriksson Ek in Stars zone.
16:28 of 1st period - Wrist shot by Matt Duchene.
16:28 of 1st period - Stopped by Cam Talbot with a rebound.
16:30 of 1st period - Backhand shot by Matt Duchene.
16:30 of 1st period - Stopped by Cam Talbot with a rebound.
16:32 of 1st period - Backhand shot by Tyler Toffoli.
16:32 of 1st period - Shot Misses the Net.
16:36 of 1st period - Snap shot by Tyler Toffoli.
16:36 of 1st period - Stopped by Cam Talbot without a rebound.
16:37 of 1st period - Marcus Foligno wins face-off versus Alexander Barabanov in Stars zone.
16:43 of 1st period - Icing by Marcus Foligno.
16:44 of 1st period - Marcus Foligno wins face-off versus Tomas Tatar in Stars zone.
17:41 of 1st period - Off-side.
17:42 of 1st period - Colin White wins face-off versus David Krejci in neutral zone.
17:59 of 1st period - Ivan Provorov is hit by David Krejci and loses puck.
18:13 of 1st period - Icing by Andy Greene.
18:14 of 1st period - Joel Eriksson Ek wins face-off versus Matt Duchene in Stars zone.
18:14 of 1st period - Joel Eriksson Ek is hit by Matt Duchene.
18:28 of 1st period - Wrist shot by Evgeny Kuznetsov.
18:28 of 1st period - Shot Blocked by Colby Barlow.
18:30 of 1st period - Snap shot by Tyler Toffoli.
18:30 of 1st period - Stopped by Cam Talbot without a rebound.
18:31 of 1st period - David Krejci wins face-off versus Colin White in Stars zone.
18:44 of 1st period - Slapshot by Darnell Nurse.
18:44 of 1st period - Deflect By Scott Laughton.
18:44 of 1st period - Shot Misses the Net.
18:44 of 1st period - Puck is out of play.
18:45 of 1st period - Matt Duchene wins face-off versus Joel Eriksson Ek in Stars zone.
18:50 of 1st period - Snap shot by Evgeny Kuznetsov.
18:50 of 1st period - Goal by Evgeny Kuznetsov - Coyotes : 1 - Stars : 0.
18:51 of 1st period - David Krejci wins face-off versus Matt Duchene in neutral zone.
18:53 of 1st period - Minor Penalty to David Krejci for Hooking.
18:54 of 1st period - Derek Grant wins face-off versus Alexander Barabanov in Stars zone.
18:54 of 1st period - Derek Grant is hit by Tomas Tatar.
Goals for this period are 1 for Coyotes vs 0 for Stars.
Shots for this period are 17 for Coyotes vs 13 for Stars.

2nd period


0:01 of 2nd period - Tomas Tatar wins face-off versus Derek Grant in neutral zone.
0:06 of 2nd period - Wrist shot by Alexander Barabanov.
0:06 of 2nd period - Deflect By Jason Zucker.
0:06 of 2nd period - Stopped by Cam Talbot without a rebound.
0:07 of 2nd period - Tomas Tatar wins face-off versus Derek Grant in Stars zone.
0:22 of 2nd period - Slapshot by Tomas Tatar.
0:22 of 2nd period - Stopped by Cam Talbot with a rebound.
0:38 of 2nd period - Wrist shot by Connor Brown.
0:38 of 2nd period - Stopped by Vitek Vanecek without a rebound.
0:39 of 2nd period - Matt Duchene wins face-off versus Marcus Foligno in Coyotes zone.
0:44 of 2nd period - Wrist shot by Matt Duchene.
0:44 of 2nd period - Goal by Matt Duchene - Coyotes : 2 - Stars : 0.
0:45 of 2nd period - David Krejci wins face-off versus Matt Duchene in neutral zone.
1:17 of 2nd period - Off-side.
1:18 of 2nd period - Joel Eriksson Ek wins face-off versus Colin White in neutral zone.
1:29 of 2nd period - Wrist shot by Robby Fabbri.
1:29 of 2nd period - Stopped by Cam Talbot without a rebound.
1:30 of 2nd period - Marcus Foligno wins face-off versus Tomas Tatar in Stars zone.
3:44 of 2nd period - Patric Hornqvist is hit by Andy Greene and loses puck.
4:09 of 2nd period - Slapshot by Oliver Bjorkstrand.
4:09 of 2nd period - Stopped by Vitek Vanecek with a rebound.
4:11 of 2nd period - Wrist shot by Andy Greene.
4:11 of 2nd period - Stopped by Vitek Vanecek with a rebound.
4:21 of 2nd period - T.J. Brodie is hit by Joe Thornton and loses puck.
5:11 of 2nd period - Darnell Nurse is hit by Marcus Foligno and loses puck.
5:24 of 2nd period - Slapshot by Darnell Nurse.
5:24 of 2nd period - Stopped by Cam Talbot without a rebound.
5:25 of 2nd period - Steven Lorentz wins face-off versus David Krejci in Stars zone.
5:28 of 2nd period - Wrist shot by Steven Lorentz.
5:28 of 2nd period - Stopped by Cam Talbot without a rebound.
5:29 of 2nd period - Joel Eriksson Ek wins face-off versus Steven Lorentz in Stars zone.
5:34 of 2nd period - Slapshot by Miro Heiskanen.
5:34 of 2nd period - Stopped by Vitek Vanecek with a rebound.
5:36 of 2nd period - Slapshot by Miro Heiskanen.
5:36 of 2nd period - Stopped by Vitek Vanecek without a rebound.
5:37 of 2nd period - Joel Eriksson Ek wins face-off versus Tomas Tatar in Coyotes zone.
6:02 of 2nd period - Tyler Toffoli is hit by Owen Tippett and loses puck.
7:16 of 2nd period - Snap shot by Jason Zucker.
7:16 of 2nd period - Shot Misses the Net.
7:47 of 2nd period - Off-side.
7:48 of 2nd period - Steven Lorentz wins face-off versus Marcus Foligno in neutral zone.
7:48 of 2nd period - Dylan DeMelo is hit by Justin Braun and loses puck.
8:20 of 2nd period - Scott Laughton is hit by David Krejci and loses puck.
8:29 of 2nd period - Brian Dumoulin is hit by Robby Fabbri and loses puck.
9:09 of 2nd period - Snap shot by Oliver Bjorkstrand.
9:09 of 2nd period - Shot Misses the Net.
9:11 of 2nd period - Snap shot by Oliver Bjorkstrand.
9:11 of 2nd period - Shot Misses the Net.
10:02 of 2nd period - Snap shot by Oliver Bjorkstrand.
10:02 of 2nd period - Stopped by Vitek Vanecek without a rebound.
10:03 of 2nd period - Tomas Tatar wins face-off versus Joel Eriksson Ek in Coyotes zone.
10:32 of 2nd period - Justin Braun is hit by Darnell Nurse and loses puck.
10:51 of 2nd period - Steven Lorentz is hit by Derek Grant and loses puck.
14:08 of 2nd period - David Krejci is hit by Ivan Provorov and loses puck.
14:39 of 2nd period - Brian Dumoulin is hit by Tomas Tatar and loses puck.
15:48 of 2nd period - Andy Greene is hit by Marco Scandella and loses puck.
16:07 of 2nd period - Darnell Nurse is hit by Derek Grant and loses puck.
16:31 of 2nd period - Tyler Toffoli is hit by Justin Braun and loses puck.
17:01 of 2nd period - Snap shot by Connor McMichael.
17:01 of 2nd period - Shot Misses the Net.
17:03 of 2nd period - Snap shot by Connor McMichael.
17:03 of 2nd period - Stopped by Vitek Vanecek without a rebound.
17:04 of 2nd period - Tyler Toffoli wins face-off versus Joel Eriksson Ek in Coyotes zone.
18:37 of 2nd period - Icing by Matt Duchene.
18:38 of 2nd period - Matt Duchene wins face-off versus Joel Eriksson Ek in Coyotes zone.
18:38 of 2nd period - Matt Duchene is hit by Alex Killorn.
19:26 of 2nd period - Snap shot by Tyler Toffoli.
19:26 of 2nd period - Shot Misses the Net.
19:50 of 2nd period - Wrist shot by Alex Killorn.
19:50 of 2nd period - Stopped by Vitek Vanecek with a rebound.
19:58 of 2nd period - Evgeny Kuznetsov is hit by Joel Eriksson Ek and loses puck.
Goals for this period are 1 for Coyotes vs 0 for Stars.
Shots for this period are 6 for Coyotes vs 8 for Stars.

3rd period


0:01 of 3rd period - Tomas Tatar wins face-off versus Marcus Foligno in neutral zone.
0:01 of 3rd period - Ivan Provorov is hit by Marcus Foligno and loses puck.
0:14 of 3rd period - Wrist shot by Alexander Barabanov.
0:14 of 3rd period - Deflect By Tomas Tatar.
0:14 of 3rd period - Shot Misses the Net.
0:14 of 3rd period - Puck is out of play.
0:15 of 3rd period - Owen Tippett wins face-off versus Robby Fabbri in Stars zone.
1:58 of 3rd period - Snap shot by Colin White.
1:58 of 3rd period - Deflect By Tomas Tatar.
1:58 of 3rd period - Shot Misses the Net.
1:58 of 3rd period - Puck is out of play.
1:59 of 3rd period - Marcus Foligno wins face-off versus Alexander Barabanov in Stars zone.
2:52 of 3rd period - Wrist shot by Tyler Toffoli.
2:52 of 3rd period - Shot Misses the Net.
2:54 of 3rd period - Snap shot by Ivan Provorov.
2:54 of 3rd period - Stopped by Cam Talbot with a rebound.
3:24 of 3rd period - Icing by Brian Dumoulin.
3:25 of 3rd period - Marcus Foligno wins face-off versus Tomas Tatar in Stars zone.
3:25 of 3rd period - Marcus Foligno is hit by Jason Zucker.
3:31 of 3rd period - Marco Scandella is hit by Marcus Foligno and loses puck.
3:49 of 3rd period - Off-side.
3:50 of 3rd period - Colin White wins face-off versus David Krejci in neutral zone.
3:59 of 3rd period - Snap shot by Robby Fabbri.
3:59 of 3rd period - Shot Blocked by Oliver Bjorkstrand.
4:15 of 3rd period - Snap shot by Joel Eriksson Ek.
4:15 of 3rd period - Stopped by Vitek Vanecek without a rebound.
4:16 of 3rd period - Joel Eriksson Ek wins face-off versus Tomas Tatar in Coyotes zone.
4:31 of 3rd period - Slapshot by Alexander Barabanov.
4:31 of 3rd period - Shot Blocked by Henri Jokiharju.
4:47 of 3rd period - Wrist shot by Patric Hornqvist.
4:47 of 3rd period - Stopped by Cam Talbot without a rebound.
4:48 of 3rd period - Steven Lorentz wins face-off versus Marcus Foligno in Stars zone.
4:57 of 3rd period - Ivan Provorov is hit by Marcus Foligno and loses puck.
5:14 of 3rd period - Steven Lorentz is hit by Connor McMichael and loses puck.
5:19 of 3rd period - Slapshot by Miro Heiskanen.
5:19 of 3rd period - Goal by Miro Heiskanen - Coyotes : 2 - Stars : 1.
5:20 of 3rd period - Tomas Tatar wins face-off versus Marcus Foligno in neutral zone.
5:23 of 3rd period - Wrist shot by Tomas Tatar.
5:23 of 3rd period - Stopped by Cam Talbot without a rebound.
5:24 of 3rd period - Marcus Foligno wins face-off versus Tomas Tatar in Stars zone.
5:24 of 3rd period - Marcus Foligno is hit by Ivan Provorov.
6:39 of 3rd period - Wrist shot by Tyler Toffoli.
6:39 of 3rd period - Stopped by Cam Talbot with a rebound.
6:41 of 3rd period - Slapshot by Evgeny Kuznetsov.
6:41 of 3rd period - Shot Misses the Net.
6:59 of 3rd period - Wrist shot by Tomas Tatar.
6:59 of 3rd period - Shot Blocked by Jack Johnson.
7:01 of 3rd period - Wrist shot by T.J. Brodie.
7:01 of 3rd period - Stopped by Cam Talbot without a rebound.
7:02 of 3rd period - Colin White wins face-off versus David Krejci in Stars zone.
7:09 of 3rd period - Slapshot by Miro Heiskanen.
7:09 of 3rd period - Stopped by Vitek Vanecek with a rebound.
7:11 of 3rd period - Snap shot by Oliver Bjorkstrand.
7:11 of 3rd period - Stopped by Vitek Vanecek without a rebound.
7:12 of 3rd period - Colin White wins face-off versus David Krejci in Coyotes zone.
7:26 of 3rd period - Slapshot by Miro Heiskanen.
7:26 of 3rd period - Deflect By Scott Laughton.
7:26 of 3rd period - Stopped by Vitek Vanecek without a rebound.
7:27 of 3rd period - Marcus Foligno wins face-off versus Tomas Tatar in Coyotes zone.
7:43 of 3rd period - Off-side.
7:44 of 3rd period - Matt Duchene wins face-off versus David Krejci in neutral zone.
7:50 of 3rd period - Slapshot by Darnell Nurse.
7:50 of 3rd period - Deflect By Matt Duchene.
7:50 of 3rd period - Stopped by Cam Talbot without a rebound.
7:51 of 3rd period - Oliver Bjorkstrand wins face-off versus Matt Duchene in Stars zone.
7:51 of 3rd period - Oliver Bjorkstrand is hit by Darnell Nurse.
8:01 of 3rd period - Wrist shot by Evgeny Kuznetsov.
8:01 of 3rd period - Shot Blocked by David Krejci.
8:03 of 3rd period - Slapshot by Ivan Provorov.
8:03 of 3rd period - Deflect By Tyler Toffoli.
8:03 of 3rd period - Stopped by Cam Talbot with a rebound.
8:05 of 3rd period - Slapshot by Ivan Provorov.
8:05 of 3rd period - Deflect By Matt Duchene.
8:05 of 3rd period - Deflect By Oliver Bjorkstrand.
8:05 of 3rd period - Shot Blocked by Oliver Bjorkstrand.
8:05 of 3rd period - Puck is out of play.
8:06 of 3rd period - Tomas Tatar wins face-off versus Marcus Foligno in Stars zone.
8:15 of 3rd period - Slapshot by Henri Jokiharju.
8:15 of 3rd period - Deflect By Connor Brown.
8:15 of 3rd period - Stopped by Vitek Vanecek without a rebound.
8:16 of 3rd period - Tomas Tatar wins face-off versus Marcus Foligno in Coyotes zone.
8:59 of 3rd period - Icing by Darnell Nurse.
9:00 of 3rd period - Tomas Tatar wins face-off versus Joel Eriksson Ek in Coyotes zone.
9:15 of 3rd period - Wrist shot by Alexander Barabanov.
9:15 of 3rd period - Stopped by Cam Talbot with a rebound.
9:17 of 3rd period - Snap shot by Tomas Tatar.
9:17 of 3rd period - Stopped by Cam Talbot with a rebound.
9:19 of 3rd period - Snap shot by Tomas Tatar.
9:19 of 3rd period - Shot Misses the Net.
9:21 of 3rd period - Wrist shot by Alexander Barabanov.
9:21 of 3rd period - Shot Blocked by Colby Barlow.
9:23 of 3rd period - Wrist shot by Alexander Barabanov.
9:23 of 3rd period - Goal by Alexander Barabanov - Coyotes : 3 - Stars : 1.
9:24 of 3rd period - David Krejci wins face-off versus Robby Fabbri in neutral zone.
9:29 of 3rd period - T.J. Brodie is hit by David Krejci and loses puck.
9:38 of 3rd period - Miro Heiskanen is hit by Scott Laughton and loses puck.
9:49 of 3rd period - T.J. Brodie is hit by Alex Killorn and loses puck.
10:47 of 3rd period - Off-side.
10:48 of 3rd period - Colin White wins face-off versus David Krejci in neutral zone.
10:54 of 3rd period - Icing by Oliver Bjorkstrand.
10:55 of 3rd period - Colin White wins face-off versus David Krejci in Stars zone.
11:01 of 3rd period - Icing by T.J. Brodie.
11:02 of 3rd period - Colin White wins face-off versus Joel Eriksson Ek in Coyotes zone.
11:15 of 3rd period - Wrist shot by Scott Laughton.
11:15 of 3rd period - Shot Blocked by Andy Greene.
11:17 of 3rd period - Snap shot by Robby Fabbri.
11:17 of 3rd period - Stopped by Cam Talbot with a rebound.
11:19 of 3rd period - Slapshot by T.J. Brodie.
11:19 of 3rd period - Shot Blocked by Andy Greene.
11:21 of 3rd period - Snap shot by Robby Fabbri.
11:21 of 3rd period - Shot Blocked by Joel Eriksson Ek.
11:29 of 3rd period - Snap shot by Colin White.
11:29 of 3rd period - Stopped by Cam Talbot with a rebound.
11:31 of 3rd period - Slapshot by Robby Fabbri.
11:31 of 3rd period - Shot Blocked by Alex Killorn.
11:33 of 3rd period - Slapshot by Dylan DeMelo.
11:33 of 3rd period - Stopped by Cam Talbot with a rebound.
11:35 of 3rd period - Slapshot by T.J. Brodie.
11:35 of 3rd period - Stopped by Cam Talbot without a rebound.
11:36 of 3rd period - David Krejci wins face-off versus Matt Duchene in Stars zone.
11:36 of 3rd period - Owen Tippett is hit by Olli Maatta and loses puck.
11:41 of 3rd period - Wrist shot by Matt Duchene.
11:41 of 3rd period - Shot Misses the Net.
11:43 of 3rd period - Slapshot by Marco Scandella.
11:43 of 3rd period - Shot Misses the Net.
11:45 of 3rd period - Wrist shot by Evgeny Kuznetsov.
11:45 of 3rd period - Shot Misses the Net.
11:46 of 3rd period - Evgeny Kuznetsov beats up Owen Tippett.
11:46 of 3rd period - Penalty to Owen Tippett for Fighting.
11:46 of 3rd period - Penalty to Evgeny Kuznetsov for Fighting.
11:47 of 3rd period - Robby Fabbri wins face-off versus Marcus Foligno in Stars zone.
12:13 of 3rd period - Jason Zucker is hit by David Krejci and loses puck.
12:20 of 3rd period - Wrist shot by Alexander Barabanov.
12:20 of 3rd period - Stopped by Cam Talbot with a rebound.
12:22 of 3rd period - Wrist shot by Darnell Nurse.
12:22 of 3rd period - Deflect By Oliver Bjorkstrand.
12:22 of 3rd period - Stopped by Cam Talbot with a rebound.
12:34 of 3rd period - Snap shot by Patric Hornqvist.
12:34 of 3rd period - Shot Blocked by Justin Braun.
12:42 of 3rd period - Darnell Nurse is hit by Connor McMichael.
13:14 of 3rd period - Luke Kunin is hit by Dylan DeMelo and loses puck.
13:47 of 3rd period - Snap shot by Derek Grant.
13:47 of 3rd period - Shot Misses the Net.
13:57 of 3rd period - Snap shot by Joel Eriksson Ek.
13:57 of 3rd period - Stopped by Vitek Vanecek with a rebound.
13:59 of 3rd period - Wrist shot by Alex Killorn.
13:59 of 3rd period - Shot Misses the Net.
14:11 of 3rd period - Steven Lorentz is hit by Luke Kunin and loses puck.
14:20 of 3rd period - Slapshot by Oliver Bjorkstrand.
14:20 of 3rd period - Shot Misses the Net.
14:30 of 3rd period - Miro Heiskanen is hit by Jason Zucker and loses puck.
14:43 of 3rd period - Jason Zucker is hit by Jack Johnson and loses puck.
14:50 of 3rd period - Wrist shot by Alex Killorn.
14:50 of 3rd period - Shot Blocked by Ivan Provorov.
16:25 of 3rd period - Icing by T.J. Brodie.
16:26 of 3rd period - Joel Eriksson Ek wins face-off versus Matt Duchene in Coyotes zone.
16:45 of 3rd period - Snap shot by Alexander Barabanov.
16:45 of 3rd period - Shot Hit the Post.
16:47 of 3rd period - Slapshot by Alexander Barabanov.
16:47 of 3rd period - Shot Misses the Net.
17:52 of 3rd period - Brian Dumoulin is hit by Matt Duchene.
18:14 of 3rd period - Slapshot by Miro Heiskanen.
18:14 of 3rd period - Stopped by Vitek Vanecek with a rebound.
18:20 of 3rd period - Oliver Bjorkstrand is hit by T.J. Brodie.
18:35 of 3rd period - Wrist shot by Joel Eriksson Ek.
18:35 of 3rd period - Stopped by Vitek Vanecek with a rebound.
18:45 of 3rd period - David Krejci is hit by Darnell Nurse and loses puck.
Goals for this period are 1 for Coyotes vs 1 for Stars.
Shots for this period are 16 for Coyotes vs 9 for Stars.